 Dungeon Crawl Stone Soup version 0.27.0-1-g7a089689b8 (webtiles) character file.

Game seed: 13873761828791115029

62 WasDam the Skirmisher (level 3, -7/33 HPs)
             Began as a Draconian Chaos Knight on Aug 16, 2021.
             Was a Plaything of Xom.
             Mangled by Crazy Yiuf (9 damage)
             ... on level 2 of the Dungeon.
             The game lasted 00:03:19 (917 turns).

WasDam the Skirmisher (Draconian Chaos Knight)       Turns: 917, Time: 00:03:20

Health: -7/33      AC:  5    Str: 15    XL:     3   Next: 85%
Magic:  3/3        EV: 12    Int: 12    God:    Xom [..*...]
Gold:   34         SH:  0    Dex: 10    Spells: 2/2 levels left

rFire    . . .     SeeInvis .   a - +0 falchion (chaos)
rCold    . . .     Faith    .   (no shield)
rNeg     . . .     Spirit   .   (armour unavailable)
rPois    .         Reflect  .   (helmet restricted)
rElec    .         Harm     .   (no cloak)
rCorr    .         Rampage  .   (no gloves)
Will     .....                  (no boots)
Stlth    +.........             (no amulet)
HPRegen  0.11/turn              (no ring)
MPRegen  0.08/turn              (no ring)

@: no status effects
A: AC +5, unfitting armour, cold-blooded
a: Renounce Religion


You were on level 2 of the Dungeon.
You worshipped Xom.
You were a toy of Xom.
You visited 1 branch of the dungeon, and saw 2 of its levels.

You collected 34 gold pieces.

Inventory:

Hand Weapons
 a - a +0 falchion of chaos (weapon)
Scrolls
 b - a scroll of teleportation {unknown}
 c - a scroll of identify {unknown}
 e - 2 scrolls of torment {unknown}
Potions
 d - 2 potions of lignification {unknown}


   Skills:
 + Level 4.1 Fighting
 + Level 3.6 Long Blades
 + Level 2.9 Dodging


You had 2 spell levels left.
You didn't know any spells.
Your spell library contained the following spells:

 Spells                   Type           Power      Damage    Failure   Level
 Animate Skeleton         Necr           0%         N/A       32%         1
 Pain                     Necr           0%         1d4       32%         1
 Vampiric Draining        Necr           0%         2d6       69%         3


Dungeon Overview and Level Annotations

Branches:
Dungeon (2/15)

Altars:

Shops:
D:2 [

Annotations:
D:2 Crazy Yiuf


Innate Abilities, Weirdness & Mutations

Your plain brown scales are hard. (AC +5)
You cannot fit into any form of body armour.
You are cold-blooded and may be slowed by cold attacks.


Message History

Found a robe.
Found a ring mail.
You see here a +0 robe.
You see here a +0 robe.
You aren't carrying any wearable armour.
A rat comes into view.
The rat moves out of view.
You hit the rat.
You kill the rat!
You see here a +0 ring mail.
Found a mace.
Found a runed translucent door.
Crazy Yiuf shouts!
You open the door.
Press: ? - help, v - describe, . - travel The floor.
Crazy Yiuf barely misses you.
You riposte.
You hit Crazy Yiuf. You drain Crazy Yiuf.
Crazy Yiuf is moderately wounded.
There is an open translucent door here.
You barely miss Crazy Yiuf.
Your tail-slap misses Crazy Yiuf.
Crazy Yiuf is moderately wounded.
Crazy Yiuf hits you with a +2 quarterstaff of chaos.
Crazy Yiuf freezes you. Crazy Yiuf barely misses you.
You closely miss Crazy Yiuf.
Crazy Yiuf is moderately wounded.
Crazy Yiuf hits you but does no damage. You resist with some effort.
You hit Crazy Yiuf. You burn Crazy Yiuf.
Crazy Yiuf is severely wounded.
Crazy Yiuf hits you with a +2 quarterstaff of chaos.
Crazy Yiuf freezes you.
You barely miss Crazy Yiuf.
Your tail-slap misses Crazy Yiuf.
Crazy Yiuf is severely wounded.
Crazy Yiuf hits you with a +2 quarterstaff of chaos.
You are electrocuted!!
Ouch! That really hurt!
* * * LOW HITPOINT WARNING * * *
You hit Crazy Yiuf but do no damage.
Crazy Yiuf is severely wounded.
Crazy Yiuf hits you with a +2 quarterstaff of chaos!
You die...

##### #)..#
#...# #.g.#
#@# ♣.♣♣
♣♣.♣ ♣.♣♣
♣♣.♣ ♣♣.♣♣
♣♣...♣
#########
##########
♣....♣
#.......#
###........#
##..##
#....<..#


You could see Crazy Yiuf (drained).

Vanquished Creatures
  A centaur skeleton (D:2)
  An adder (D:2)
  2 dart slugs (D:2)
  A ball python (D:1)
  A bat (D:1)
  3 endoplasms
  A giant cockroach (D:2)
  A goblin (D:1)
  2 hobgoblins (D:1)
  2 jackals (D:1)
  A quokka (D:2)
  4 rats
20 creatures vanquished.

Notes
Turn   | Place    | Note
-------+----------+-------------------------------------------
     0 | D:1      | WasDam the Draconian Chaos Knight began the quest for the
                  | Orb.
     0 | D:1      | Reached XP level 1. HP: 19/19 MP: 1/1
    24 | D:1      | XOM: silly message
    87 | D:1      | Reached XP level 2. HP: 26/26 MP: 2/2
   328 | D:2      | Found Ekhlova's Antique Armour Shop.
   541 | D:2      | XOM: silly message
   558 | D:2      | XOM: confuse monster(s)
   572 | D:2      | Reached skill level 4 in Fighting
   572 | D:2      | Reached XP level 3. HP: 33/33 MP: 3/3
   907 | D:2      | Found a runed translucent door.
   908 | D:2      | Noticed Crazy Yiuf
   917 | D:2      | Mangled by Crazy Yiuf

Illustrated notes

Levels and vault maps discovered:
D:1:      heliophobic_arrival_enchanted_forest, layout_basic,
          shapermc_ecumenical_altar_ellora, serial_shops, shop
D:2:      layout_rooms, serial_shops, nicolae_shop_crystal, minmay_unequal,
          uniq_crazy_yiuf_cottage

Skill      XL: |  1  2 |
---------------+-------+-----
Fighting       | 4 |  4.1
Long Blades    | |  3.6
Dodging        | |  2.9

Action                   || total
-------------------------++-------
Melee: Falchion          ||    55
       Tailslap          ||     6
 Stab: Confused          ||     1
       Sleeping          ||     1
Armor: Skin              ||    18
Dodge: Dodged            ||    35
       Rpst.: Falchion   ||     8
